 Dungeon Crawl Stone Soup version 0.27.1-3-gb3d3a73c9e (webtiles) character file.

Game seed: 6123816928852698110

237 Araneus the Poker (level 5, -2/41 HPs)
             Began as a Demonspawn Fighter on Oct 8, 2021.
             Slain by an orc (9 damage)
             ... on level 4 of the Dungeon.
             The game lasted 00:05:47 (2149 turns).

Araneus the Poker (Demonspawn Fighter)              Turns: 2149, Time: 00:05:48

Health: -2/41      AC:  8    Str: 17    XL:     5   Next: 77%
Magic:  5/5        EV:  4    Int:  9    God:
Gold:   153        SH: 15    Dex: 19    Spells: 4/4 levels left

rFire    . . .     SeeInvis .   a - +0 trident
rCold    . . .     Faith    .   c - +0 kite shield
rNeg     . . .     Spirit   .   k - +0 chain mail
rPois    .         Reflect  .   (no helmet)
rElec    .         Harm     .   (no cloak)
rCorr    .         Rampage  .   (no gloves)
Will     .....                  (no boots)
Stlth    ..........             (no amulet)
HPRegen  0.13/turn              f - +6 ring of dexterity
MPRegen  0.09/turn              (no ring)

@: no status effects
A: large bone plates 2
a: no special abilities


You were on level 4 of the Dungeon.
You visited 1 branch of the dungeon, and saw 4 of its levels.

You collected 153 gold pieces.

Inventory:

Hand Weapons
 a - a +0 trident (weapon)
Missiles
 m - 13 poisoned darts (quivered)
Armour
 c - a +0 kite shield (worn)
 k - a +0 chain mail (worn)
Jewellery
 f - a +6 ring of dexterity (left hand)
Scrolls
 b - a scroll of fog {unknown}
 e - a scroll of amnesia {unknown}
 g - a scroll of teleportation {unknown}
 h - a scroll of identify
 i - a scroll of fear {unknown}
 j - a scroll of brand weapon {unknown}
 l - a scroll of vulnerability {unknown}
 n - a scroll of noise {unknown}
Potions
 d - a potion of might


   Skills:
 - Level 3.0 Fighting
 + Level 5.4 Polearms
 + Level 1.1 Throwing
 - Level 2.6 Armour
 - Level 2.6 Shields


You had 4 spell levels left.
You didn't know any spells.
Your spell library contained the following spells:

 Spells                   Type           Power      Damage    Failure   Level
 Foxfire                  Conj/Fire      0%         2x1d4     100%        1
 Sting                    Tmut/Pois      0%         1d3       100%        1
 Poisonous Vapours        Pois/Air       0%         N/A       100%        2
 Conjure Flame            Conj/Fire      0%         6-21      100%        3
 Dazzling Flash           Conj/Hex       0%         N/A       100%        3
 Inner Flame              Hex/Fire       0%         N/A       100%        3
 Iskenderun's Mystic Bla  Conj/Tloc      0%         2d3       100%        4
 Olgreb's Toxic Radiance  Pois           0%         N/A       100%        4
 Starburst                Conj/Fire      0%         6d3       100%        6


Dungeon Overview and Level Annotations

Branches:
Dungeon (4/15)
 Temple: D:4-7

Altars:
Cheibriados


Innate Abilities, Weirdness & Mutations

You are mostly covered in large bone plates. (SH +6)


Message History

The orc priest hits you but does no damage.
The orc hits you but does no damage. x2
The orc priest hits you with a +0 hand axe.
You barely miss the orc priest.
The orc priest is heavily wounded.
The orc hits you but does no damage. You block the orc's attack.
The orc priest calls down the wrath of Beogh upon you.
Pain shoots through your body!
You closely miss the orc priest.
The orc priest is heavily wounded.
You block the orc's attack. x2
The orc priest hits you with a +0 hand axe.
You hit the orc priest.
The orc priest is severely wounded.
You block the orc's attack. x2
The orc priest miscasts a cantrip.
The orc completely misses you. The orc hits you but does no damage.
You closely miss the orc priest.
The orc priest is severely wounded.
You block the orc priest's attack. You block the orc's attack.
The orc hits you with a +0 flail.
The orc priest hits you but does no damage.
You closely miss the orc priest.
The orc priest is severely wounded.
You block the orc's attack. x2
The orc priest hits you but does no damage.
You hit the orc priest.
The orc priest is almost dead.
The orc hits you with a +0 war axe. The orc hits you with a +0 flail.
* * * LOW HITPOINT WARNING * * *
You block the orc priest's attack. You block the orc's attack. x2
You hit the orc priest.
You kill the orc priest!
The orc hits you with a +0 war axe.
* * * LOW HITPOINT WARNING * * *
The orc barely misses you.
You barely miss the orc. You block the orc's attack. x2
You closely miss the orc. The orc barely misses you.
You block the orc's attack. The orc hits you with a +0 war axe!
You die...

#...##.....#
....#......#
....#......#
....#......#
....'.....######## .
....#.....##.....# ..
#...#............# o..
#...#............# .o..
#...##.........)@# .....
######....##...oo#....o.
#.##......#.......#
#...##.....#......## #..
##....#.....## ##.
##...#....## ##..#...##
##.#..## ######


You could see 2 orcs.

Vanquished Creatures
  The ghost of Linguinho the Shield-Bearer, an amateur GrFi (D:3)
  An orc priest (D:4)
  A hound skeleton (D:4)
  3 adders
  An adder skeleton (D:2)
  2 orcs (D:3)
  7 bats
  A bat zombie (D:2)
  3 endoplasms
  4 giant cockroaches
  3 goblins
  3 hobgoblins
  2 jackals (D:3)
  A quokka (D:1)
  2 ball pythons
  3 ball python skeletons
  A ball python zombie (D:2)
  A frilled lizard (D:2)
  6 kobolds
  A quokka skeleton (D:2)
  7 rats
54 creatures vanquished.

Vanquished Creatures (others)
  A withered plant (D:2)
1 creature vanquished.

Grand Total: 55 creatures vanquished

Notes
Turn   | Place    | Note
-------+----------+-------------------------------------------
     0 | D:1      | Araneus the Demonspawn Fighter began the quest for the Orb.
     0 | D:1      | Reached XP level 1. HP: 18/18 MP: 1/1
    37 | D:1      | Reached skill level 2 in Polearms
   122 | D:1      | Gained mutation: You are partially covered in large bone
                  | plates. (SH +4) [demonic ancestry]
   122 | D:1      | Reached XP level 2. HP: 24/24 MP: 2/2
   263 | D:1      | Found a faded altar of an unknown god.
   526 | D:1      | Reached skill level 3 in Polearms
   898 | D:2      | Reached XP level 3. HP: 29/29 MP: 3/3
  1544 | D:3      | Noticed Linguinho's ghost (amateur GrFi)
  1545 | D:3      | Found a runed translucent gate.
  1545 | D:3      | Found a runed translucent gate.
  1545 | D:3      | Found a runed translucent gate.
  1624 | D:3      | Found a snail-covered altar of Cheibriados.
  1874 | D:3      | Reached XP level 4. HP: 31/35 MP: 4/4
  1879 | D:3      | Killed Linguinho's ghost
  1880 | D:3      | Reached skill level 5 in Polearms
  1880 | D:3      | Gained mutation: You are mostly covered in large bone
                  | plates. (SH +6) [demonic ancestry]
  1880 | D:3      | Reached XP level 5. HP: 19/41 MP: 5/5
  1881 | D:3      | Reached skill level 1 in Throwing
  2149 | D:4      | Slain by an orc

Illustrated notes

Levels and vault maps discovered:
D:1:      lightli_arrival_lavapool, layout_basic,
          hellmonk_ecumenical_altar_run_dry, minmay_pentomino_u2
D:2:      layout_rooms, serial_undead, serial_undead_a, serial_undead_a,
          serial_undead_c, serial_undead_b
D:3:      layout_loops_ring, lemuel_doored_altar, gammafunk_ghost_split,
          serial_glass, glass_columns_a, glass_columns_a
D:4:      layout_gridville, nicolae_ashenzari_panopticon,
          kennysheep_okawaru_gauntlet

Skill      XL: |  1  2  3  4  5 |
---------------+----------------+-----
Polearms       | 2 3 5 |  5.4
Throwing       | 1 |  1.1
Fighting       | |  3.0
Armour         | |  2.6
Shields        | |  2.6

Action                   |  1- 3 |  4- 6 || total
-------------------------+-------+-------++-------
Melee: Trident           |   144 |    28 ||   172
Throw: Dart              |    12 |       ||    12
  Use: Scroll            |     1 |       ||     1
       Potion            |     1 |       ||     1
Armor: Scale mail        |    45 |       ||    45
       Chain mail        |    19 |    13 ||    32
Dodge: Dodged            |    20 |     6 ||    26
Block: Kite shield       |   105 |    25 ||   130
